 Seeded DCSS version 0.28.0-62-gf88900778d (webtiles) character file.

Game seed: 13591998346360536447 (custom seed)

505 Psyclone the Destroyer (level 7, 34/45 HPs)
             Began as an Octopode Conjurer on Oct 23, 2023.
             Was an Initiate of Gozag.
             Quit the game on level 9 of the Dungeon.
             The game lasted 00:01:33 (1336 turns).

Psyclone the Destroyer (Octopode Conjurer)          Turns: 1336, Time: 00:01:33

Health: 34/45      AC: 10    Str:  7    XL:     7   Next: 18%
Magic:  6/19       EV: 13    Int: 28    God:    Gozag
Gold:   1558       SH:  5    Dex: 16    Spells: 7/10 levels left

rFire   + + +      SeeInvis +   c - +3 Elemental Staff {rElec rF++ rC++ AC+5}
rCold   + + +      Faith    .   (no shield)
rNeg    + . .      Spirit   .   d - -2 hat of the Alchemist {rElec rPois rF+ rC+ rN+ Will+ rMut rCorr}
rPois   +          Reflect  +   j - amulet of reflection
rElec   +          Harm     .   b - ring "Xiagas" {rElec rCorr MP+9 AC+4 Dex+4 SInv}
rCorr   +          Rampage  .   f - ring "Vyohe" {rC+ Int+6 Dex+2 SInv Stlth+}
rMut    +                       (no ring)
Will    +....                   (no ring)
Stlth   ++++......              (no ring)
HPRegen 0.15/turn               (no ring)
MPRegen 0.16/turn               (no ring)
                                (no ring)

@: no status effects
A: almost no armour, amphibious, 8 rings, camouflage 1, gelatinous body 1,
(nimble swimmer 1), tentacles, iridescent scales 1, robust 1, noise suppression
a: Renounce Religion, Potion Petition, Call Merchant, Bribe Branch


You were on level 9 of the Dungeon.
You worshipped Gozag.
Gozag was most pleased with you.
You visited 1 branch of the dungeon, and saw 12 of its levels.

You collected 1642 gold pieces.
You paid 84 gold pieces to Gozag.

Inventory:

Hand Weapons
 a - a +0 dagger
 c - the +3 Elemental Staff (weapon) {rElec rF++ rC++ AC+5}
   (You acquired it on level 2 of the Dungeon)

   If the wielder is skilled in Evocations, they can discharge powerful blasts
   of elemental energy when striking with it.
   It enhances your fire, ice, earth and air magic.
   AC:        It affects your AC (+5).
   rF:        It greatly protects you from fire.
   rC:        It greatly protects you from cold.
   rElec:     It insulates you from electricity.
Armour
 d - the -2 hat of the Alchemist (worn) {rElec rPois rF+ rC+ rN+ Will+ rMut rCorr}
   (You acquired it on level 2 of the Dungeon)

   rF:        It protects you from fire.
   rC:        It protects you from cold.
   rElec:     It insulates you from electricity.
   rPois:     It protects you from poison.
   rN:        It protects you from negative energy.
   rCorr:     It protects you from acid and corrosion.
   rMut:      It protects you from mutation.
   Will:      It increases your willpower.
Jewellery
 b - the ring "Xiagas" (left tentacle) {rElec rCorr MP+9 AC+4 Dex+4 SInv}
   (You acquired it on level 2 of the Dungeon)

   [ring of protection]

   AC:        It affects your AC (+4).
   Dex:       It affects your dexterity (+4).
   rElec:     It insulates you from electricity.
   MP:        It affects your magic capacity (+9).
   SInv:      It lets you see invisible.
   rCorr:     It protects you from acid and corrosion.
 f - the ring "Vyohe" (right tentacle) {rC+ Int+6 Dex+2 SInv Stlth+}
   (You acquired it on level 4 of the Dungeon)

   [ring of intelligence]

   Int:       It affects your intelligence (+6).
   Dex:       It affects your dexterity (+2).
   rC:        It protects you from cold.
   SInv:      It lets you see invisible.
   Stlth:     It makes you more stealthy.
 j - an amulet of reflection (around mantle)
Wands
 g - a wand of mindburst (17)
 i - a wand of flame (30)
 l - a wand of iceblast (5)
Scrolls
 e - 3 scrolls of identify {unknown}
 m - a scroll of teleportation {unknown}
 p - a scroll of blinking {unknown}
 q - 2 scrolls of acquirement
Potions
 h - a potion of ambrosia {unknown}
 k - a potion of curing {unknown}
 n - a potion of haste {unknown}
 o - 2 potions of brilliance {unknown}


   Skills:
 - Level 2.0 Dodging
 - Level 2.6 Stealth
 - Level 2.0 Spellcasting
 + Level 8.4 Conjurations


You had 7 spell levels left.
You knew the following spells:

 Your Spells              Type           Power      Damage    Failure   Level
a - Magic Dart            Conj           100%       1d8       1%          1
b - Searing Ray           Conj           100%       2d8       1%          2

Your spell library contained the following spells:

 Spells                   Type           Power      Damage    Failure   Level
 Dazzling Flash           Conj/Hex       52%        N/A       4%          3
 Fulminant Prism          Conj/Hex       13%        3d9       16%         4
 Iskenderun's Mystic Bla  Conj/Tloc      26%        2d7       16%         4


Dungeon Overview and Level Annotations

Branches:
Dungeon (12/15)
 Temple: D:4-7         Lair: D:8-11         Orc: D:9-12

Altars:
Gozag
Okawaru
Sif Muna
The Shining One

Annotations:
D:5 Menkaure


Innate Abilities, Weirdness & Mutations

You cannot wear most types of armour.
You are amphibious.
You can wear up to eight rings at the same time.
Your skin changes colour to match your surroundings (Stealth+).
Your rubbery body absorbs attacks. (AC +1, EV +1)
((You are camouflaged when in or above water. (Stealth+)))
You have tentacles for arms and can constrict up to eight enemies at once.
You are partially covered in iridescent scales. (AC +2)
You are robust. (+10% HP)
You passively dampen the noise of your surroundings.


Message History

Confirm with . or Enter, or press ? or * to list all spells.
Aiming: Magic Dart (safe; 1% risk of failure)
Press: ? - help, Shift-Dir - straight line, f - howler monkey zombie
Aim: a howler monkey zombie (wandering, hasn't noticed you, 100% to hit)
The magic dart hits the howler monkey zombie!
The howler monkey zombie is moderately damaged.
Casting: Magic Dart (safe; 1% risk of failure)
Confirm with . or Enter, or press ? or * to list all spells.
Aiming: Magic Dart (safe; 1% risk of failure)
Press: ? - help, Shift-Dir - straight line, f/p - howler monkey zombie
Aim: a howler monkey zombie (moderately damaged, 100% to hit)
The magic dart hits the howler monkey zombie.
The howler monkey zombie is heavily damaged.
You now have 9/19 mp.
Casting: Magic Dart (safe; 1% risk of failure)
Confirm with . or Enter, or press ? or * to list all spells.
Aiming: Magic Dart (safe; 1% risk of failure)
Press: ? - help, Shift-Dir - straight line, f/p - howler monkey zombie
Aim: a howler monkey zombie (heavily damaged, 100% to hit)
The magic dart hits the howler monkey zombie.
The howler monkey zombie is heavily damaged.
You now have 8/19 mp.
Casting: Magic Dart (safe; 1% risk of failure)
Confirm with . or Enter, or press ? or * to list all spells.
Aiming: Searing Ray (safe; 1% risk of failure)
Press: ? - help, Shift-Dir - straight line, f/p - howler monkey zombie
Aim: a howler monkey zombie (heavily damaged, 92% to hit)
The searing ray hits the howler monkey zombie!
The howler monkey zombie is almost destroyed. (Press . to maintain the ray.)
You now have 6/19 mp.
The searing ray hits the howler monkey zombie.
You destroy the howler monkey zombie!
You now have 5/19 mp.
You now have 4/19 mp.
You now have 1545 gold pieces (gained 5).
You now have 1558 gold pieces (gained 13).
Unknown command.
Unknown command.
Are you sure you want to abandon this character and quit the game? (Confirm with "yes".)

.....#... ...
........####...
.............>.......
.............:......#
...................#
..................##
...................#.
#......@.............
#.#.................... #.
.##.........$$$.....Z.
##.##.#..........)........
#... .##..(...............
##...##.#..................
#.....#.#.....>............
..........###..............
#..[...####..............


There were no monsters in sight!

Vanquished Creatures
  A sky beast (D:6)
  An ice beast (D:5)
  A gnoll sergeant (D:9)
  A howler monkey (D:9)
  A bullfrog zombie (D:5)
  A hound (D:6)
  3 bullfrog skeletons
  A howler monkey zombie (D:9)
  3 gnolls (D:9)
  A howler monkey skeleton (D:6)
  A dart slug (D:4)
  A hobgoblin (D:4)
  3 jackals (D:1)
  A kobold (D:1)
  2 quokkas (D:5)
  2 ball pythons
  2 rats (D:1)
26 creatures vanquished.

Notes
Turn   | Place    | Note
-------+----------+-------------------------------------------
     0 | D:1      | Psyclone the Octopode Conjurer began the quest for the Orb.
     0 | D:1      | Reached XP level 1. HP: 11/11 MP: 3/3
    59 | D:1      | Reached XP level 2. HP: 15/17 MP: 5/5
    88 | D:2      | Identified a scroll of acquirement
    88 | D:2      | Acquired the ring "Xiagas" {rElec rCorr MP+9 AC+4 Dex+4
                  | SInv}
   155 | D:1      | Learned a level 2 spell: Searing Ray
   196 | D:2      | Acquired the -2 hat of the Alchemist {rElec rPois rF+ rC+
                  | rN+ Will+ rMut rCorr}
   196 | D:2      | Found the -2 hat of the Alchemist {rElec rPois rF+ rC+ rN+
                  | Will+ rMut rCorr}
   221 | D:2      | Acquired the +3 Elemental Staff {rElec rF++ rC++ AC+5}
   221 | D:2      | Found the +3 Elemental Staff {rElec rF++ rC++ AC+5}
   251 | D:3      | Found a glowing golden altar of the Shining One.
   300 | D:4      | Acquired the ring "Vyohe" {rC+ Int+6 Dex+2 SInv Stlth+}
   345 | D:4      | Gained mutation: You are robust. (+10% HP) [potion of
                  | mutation]
   345 | D:4      | Gained mutation: You passively dampen the noise of your
                  | surroundings. [potion of mutation]
   345 | D:4      | Gained mutation: You are partially covered in iridescent
                  | scales. (AC +2) [potion of mutation]
   480 | D:4      | Reached skill level 5 in Conjurations
   480 | D:4      | Reached XP level 3. HP: 23/23 MP: 6/6
   530 | D:5      | Entered Level 5 of the Dungeon
   535 | D:5      | Reached XP level 4. HP: 29/29 MP: 7/7
   588 | D:5      | Found a shimmering blue altar of Sif Muna.
   601 | D:5      | Noticed an ice beast
   610 | D:5      | Killed an ice beast
   611 | D:5      | Reached skill level 6 in Conjurations
   611 | D:5      | Reached XP level 5. HP: 33/34 MP: 8/8
   690 | D:5      | Found an opulent altar of Gozag.
   697 | D:5      | Became a worshipper of Gozag Ym Sagoz the Greedy
   753 | D:5      | Found an iron altar of Okawaru.
   770 | D:5      | Noticed a centaur
   791 | D:5      | Noticed Menkaure
   846 | D:6      | Reached skill level 7 in Conjurations
   846 | D:6      | Reached XP level 6. HP: 37/39 MP: 9/9
   934 | D:6      | Noticed a sky beast
   941 | D:6      | Killed a sky beast
  1220 | D:9      | Acquired 1301 gold pieces
  1264 | D:9      | Reached skill level 8 in Conjurations
  1264 | D:9      | Reached XP level 7. HP: 28/45 MP: 10/10
  1271 | D:9      | You fall into a shaft and drop 3 floors!
  1300 | D:10     | Entered Level 10 of the Dungeon
  1300 | D:10     | Noticed a vampire mosquito
  1300 | D:10     | Noticed a vampire mosquito
  1336 | D:9      | Quit the game

Illustrated notes

Levels and vault maps discovered:
D:1:      wander_arrival_fairy_ring, layout_basic, chequers_serial_rivers_room_a
D:2:      layout_loops_ring, shapermc_ecumenical_altar_venn, uniq_natasha
D:3:      layout_loops_ring, mainiacjoe_overflow_chevrons,
          gammafunk_ghost_arena, hangedman_glass_teeth
D:4:      layout_basic, nicolae_hepliaklqana_monster_ancestors,
          due_unseen_surprise
D:5:      layout_basic, lemuel_doored_altar, overflow_temple_1_default,
          amethyst_overflow_temple_binary, minmay_manual_mess, uniq_ijyb,
          uniq_edmund, uniq_sigmund, uniq_menkaure
D:6:      layout_layer_cave, minmay_temple_entry_hall
D:7:      layout_basic, nicolae_wu_jian_immortal_techniques
D:8:      layout_rooms, lightli_temple_of_fire, minmay_lair_entry_grove,
          serial_shops, shop
D:9:      layout_cave_pools, grunt_decor_clamped
D:10:     minmay_diamond_stairs, layout_basic
D:11:     layout_gridville, serial_shops, kennysheep_mini_moat
D:12:     layout_loops_corners, lightli_corner_chamber

Skill      XL: |  1  2  3  4  5  6 |
---------------+-------------------+-----
Conjurations   | 5 6 7 8 |  8.4
Dodging        | |  2.0
Stealth        | |  2.6
Spellcasting   | |  2.0

Action                   |  1- 3 |  4- 6 |  7- 9 || total
-------------------------+-------+-------+-------++-------
Melee: Dagger            |     6 |       |       ||     6
       Tentacles         |     2 |       |       ||     2
       Constrict         |     1 |       |       ||     1
       Punch             |     1 |       |       ||     1
 Cast: Magic Dart        |     5 |     1 |     3 ||     9
       Searing Ray       |     5 |    12 |     4 ||    21
  Use: Scroll            |     4 |     1 |       ||     5
       Potion            |     1 |       |       ||     1
 Stab: Sleeping          |     1 |       |       ||     1
Armor: Skin              |     1 |     5 |     1 ||     7
Dodge: Dodged            |     5 |     9 |     2 ||    16
Block: Other             |       |     3 |     2 ||     5
